 Dungeon Crawl Stone Soup version 0.29.0-11-gd7f09526c8 (webtiles) character file.

Game seed: 8600772265548803497

11 sentinel the Stinger (level 2, -1/20 HPs)
             Began as a Meteoran Venom Mage on Sept 2, 2022.
             Slain by an orc
             ... wielding a +1 hand axe of flaming
              (2 damage)
             ... on level 4 of the Dungeon.
             The game lasted 00:01:22 (215 turns).

sentinel the Stinger (Meteoran Venom Mage)           Turns: 215, Time: 00:01:22

Health: -1/20      AC:  4    Str:  9    XL:     2   Next: 52%
Magic:  6/6        EV: 12    Int: 16    God:
Gold:   0          SH:  0    Dex: 14    Spells: 5/6 levels left

rFire   . . .      SeeInvis .   (no weapon)
rCold   . . .      Faith    .   (no shield)
rNeg    . . .      Spirit   .   a - +0 robe
rPois   .          Reflect  .   (no helmet)
rElec   .          Harm     .   (no cloak)
rCorr   .          Rampage  .   (no gloves)
Will    .....                   c - +1 pair of boots
Stlth   +.........              (no amulet)
HPRegen 0.06/turn               (no ring)
MPRegen 0.10/turn               (no ring)

@: confused, glowing
A: sense surroundings 1, otherworldly, glowing, explore regen
a: no special abilities


You were on level 4 of the Dungeon.
You visited 1 branch of the dungeon, and saw 4 of its levels.

Inventory:

Armour
 a - a +0 robe (worn)
 c - a +1 pair of boots (worn)
Jewellery
 i - an amulet of guardian spirit
Scrolls
 d - 2 scrolls of poison
 f - 2 scrolls of blinking {unknown}
 g - a scroll of identify {unknown}
 h - a scroll of magic mapping {unknown}
Potions
 b - a potion of magic


   Skills:
 - Level 2.4 Dodging
 - Level 1.4 Stealth
 - Level 2.6 Spellcasting
 - Level 1.2 Transmutations
 + Level 4.4 Poison Magic


You had 5 spell levels left.
You knew the following spells:

 Your Spells              Type           Power      Damage    Failure   Level
a - Sting                 Tmut/Pois      44%        1d5       6%          1

Your spell library contained the following spells:

 Spells                   Type           Power      Damage    Failure   Level
 Poisonous Vapours        Pois/Air       18%        N/A       12%         2
 Olgreb's Toxic Radiance  Pois           16%        N/A       30%         4
 Mephitic Cloud           Conj/Pois/Air  6%         N/A       32%         3


Dungeon Overview and Level Annotations

Branches:
Dungeon (4/15) Zot: 2184
 Temple: D:4-7

Altars:


Innate Abilities, Weirdness & Mutations

You passively map a small area around you.
You are easily found by Zot.
You glow in the dark.
You regain HP and MP as you explore.


Message History

A frilled lizard is nearby!
The frilled lizard hisses angrily.
The sting hits the frilled lizard.
The frilled lizard is poisoned.
You kill the frilled lizard!
You can't see any susceptible monsters within range! (Use Z to cast anyway.)
A bat comes into view.
Found a scroll labelled VAINUF OLUCOARGH.
Found 6 stones.
The bat hits you.
The sting misses the bat.
The bat hits you but does no damage.
The sting hits the bat.
The bat is poisoned.
You kill the bat!
A frilled lizard comes into view.
You see here a scroll labelled VAINUF OLUCOARGH.
e - a scroll labelled VAINUF OLUCOARGH The frilled lizard hisses angrily.
The sting misses the frilled lizard.
The sting misses the frilled lizard.
The frilled lizard bites you but does no damage.
The sting hits the frilled lizard.
The frilled lizard is poisoned.
You kill the frilled lizard!
A rat comes into view.
A rat is nearby!
The sting hits the rat.
The rat is poisoned.
The rat is moderately wounded.
You are out of magic!
The rat attacks as you move away! The rat bites you but does no damage.
You kill the rat!
Magic restored.
Found a stone staircase leading down.
There is a stone staircase leading down here.
You climb downwards.
Found 2 scrolls labelled KIQ ME YNEWO and a scroll labelled NAGROATZU KUI.
There is a stone staircase leading up here.
f - 2 scrolls labelled KIQ ME YNEWO
Found a scroll labelled HOKKOBB ICSIPP.
g - a scroll labelled NAGROATZU KUI A rat comes into view.
h - a scroll labelled HOKKOBB ICSIPP A bat comes into view.
The rat twitches its whiskers.
You miscast Sting.
You are very lightly contaminated with residual magic.
Nothing appears to happen.
The sting hits the rat.
The rat is poisoned.
You kill the rat!
Found a leather armour.
Found a stone staircase leading down.
Your magical contamination has completely faded away.
An endoplasm and a goblin come into view.
The endoplasm quivers.
The goblin shouts!
Found 10 gold pieces.
You can't see any susceptible monsters within range! (Use Z to cast anyway.)
You miscast Sting.
You are very lightly contaminated with residual magic.
Nothing appears to happen.
The sting misses the goblin.
The goblin barely misses you. The endoplasm misses you.
The sting hits the goblin.
The goblin is poisoned.
You kill the goblin!
The endoplasm hits you but does no damage.
Your Poison Magic skill increases to level 4!
You have reached level 2!
The sting hits the endoplasm.
The endoplasm partially resists.
The endoplasm is poisoned.
The endoplasm is moderately wounded.
The endoplasm hits you but does no damage.
The sting hits the endoplasm.
The endoplasm partially resists.
You kill the endoplasm!
Your magical contamination has completely faded away.
There is a stone staircase leading down here.
You climb downwards.
There is a stone staircase leading up here.
Magic restored.
Found a stone staircase leading up.
Found a quarterstaff.
Found a stone staircase leading down.
There is a stone staircase leading up here.
You climb upwards.
Found 2 scrolls labelled ROTUFF UJUI.
There is a stone staircase leading down here.
You can't see any susceptible monsters within range! (Use Z to cast anyway.)
You can't see any susceptible monsters within range! (Use Z to cast anyway.)
The sting hits the worm.
The worm is poisoned.
The worm is moderately wounded.
The sting hits the worm.
The worm looks even sicker.
The worm is heavily wounded.
Found a twisted copper amulet.
You see here 2 scrolls labelled ROTUFF UJUI.
d - 3 scrolls labelled ROTUFF UJUI (gained 2)
The worm bites you but does no damage.
The sting hits the worm.
The worm looks even sicker.
The worm is almost dead.
You kill the worm!
A ball python comes into view.
The ball python hisses angrily.
You see here an amulet of guardian spirit.
i - an amulet of guardian spirit
There is a stone staircase leading down here.
The sting misses the ball python.
The sting hits the ball python.
The ball python is poisoned.
The ball python is heavily wounded.
The ball python barely misses you. The ball python grabs you.
The ball python constricts you.
You escape the ball python's grasp.
You climb downwards.
There is a stone staircase leading up here.
The sting misses the ball python.
The ball python closely misses you. The ball python grabs you.
The ball python constricts you.
The ball python bites you but does no damage.
The ball python constricts you.
You escape the ball python's grasp.
You kill the ball python!
There is a stone staircase leading down here.
You climb downwards.
The orc shouts!
The orc wizard shouts!
The orc shouts!
You hear a shout!
There is a stone staircase leading up here.
The air fills with toxic fumes!
As you read the scroll labelled ROTUFF UJUI, it crumbles to dust.
It was a scroll of poison.
The orc hits you with a +1 hand axe of flaming.
The orc burns you. The orc wizard misses you.
The orc priest closely misses you. The orc hits you but does no damage.
As you read the scroll labelled VAINUF OLUCOARGH, it crumbles to dust.
It is a scroll of enchant armour.
Your +0 pair of boots glows green for a moment.
The orc hits you with a +1 hand axe of flaming.
The orc burns you. The orc closely misses you.
The orc wizard points at you and mumbles some strange words.
You are confused.
The orc priest closely misses you.
You are too confused!
Unknown command.
Okay, then.
You bump into the rock wall.
The orc hits you with a +1 hand axe of flaming.
The orc burns you. The orc hits you with a +0 mace.
The orc priest hits you but does no damage.
The orc wizard hits you with a +0 dagger.
* * * LOW HITPOINT WARNING * * *
You barely miss the orc.
The orc hits you with a +1 hand axe of flaming.
* * * LOW HITPOINT WARNING * * *
The orc burns you.
* * * LOW HITPOINT WARNING * * *
The orc closely misses you. The orc wizard barely misses you.
The orc priest closely misses you.
HP warning!
You bump into the rock wall.
The orc hits you with a +1 hand axe of flaming.
You die...

** **
* , ,
* * **
,* , ,
,*,
####
,* *
#@o#
#§ooo#
######
, , ,
* * **
,, ,,
, ** *
*


You could see an orc priest, an orc wizard and 2 orcs.

Vanquished Creatures
  A worm (D:2)
  A ball python (D:3)
  An endoplasm (D:2)
  A goblin (D:2)
  A bat (D:1)
  2 frilled lizards (D:1)
  2 rats
9 creatures vanquished.

Notes
Turn   | Place    | Note
-------+----------+-------------------------------------------
     0 | D:1      | sentinel the Meteoran Venom Mage began the quest for the
                  | Orb.
     0 | D:1      | Reached XP level 1. HP: 14/14 MP: 5/5
   120 | D:2      | Reached skill level 4 in Poison Magic
   120 | D:2      | Reached XP level 2. HP: 20/20 MP: 3/6
   214 | D:4      | HP: 1/20 [orc/+1 hand axe of flaming (1)]
   215 | D:4      | Slain by an orc

Illustrated notes

Levels and vault maps discovered:
D:1:      co_arrival_square_in_a_square_in_a_square, layout_basic,
          ebering_ecumenical_altar_webs
D:2:      layout_basic
D:3:      layout_loops_ring, mainiacjoe_overflow_24_doors
D:4:      wad_river_or_something, layout_basic,
          lemuel_mausoleum_altar_kikubaaqudgha, ebering_ghost_reflecting_pool,
          st_stairs_12, uniq_robin

Skill      XL: |  1 |
---------------+----+-----
Poison Magic   | 4 |  4.4
Dodging        | |  2.4
Stealth        | |  1.4
Spellcasting   | |  2.6
Transmutations | |  1.2

Action                   || total
-------------------------++-------
Melee: Unarmed           ||     1
 Cast: Sting             ||    18
  Use: Scroll            ||     2
Armor: Robe              ||     9
Dodge: Dodged            ||    11
